 Dungeon Crawl Stone Soup version 0.27-a0-1136-g0b992a5a9d (console) character file.

Game seed: 11987780621034733625

118 nht the Firebug (level 4, 0/30 HPs)
             Began as a Demonspawn Fire Elementalist on May 5, 2021.
             Killed by divine providence
             ... invoked by an orc priest
              (12 damage)
             ... on level 3 of the Dungeon.
             The game lasted 00:03:58 (1505 turns).

nht the Firebug (Demonspawn Fire Elementalist)      Turns: 1505, Time: 00:03:58

Health: 0/30       AC:  2    Str:  8    XL:     4   Next: 72%
Magic:  0/7        EV: 12    Int: 18    God:
Gold:   30         SH:  0    Dex: 13    Spells: 6/7 levels left

rFire    . . .     SeeInvis .   (no weapon)
rCold    . . .     Faith    .   (no shield)
rNeg     . . .     Spirit   .   a - +0 robe
rPois    .         Reflect  .   (no helmet)
rElec    .         Harm     .   (no cloak)
rCorr    .         Rampage  .   (no gloves)
Will     .....                  (no boots)
Stlth    ++........             (no amulet)
HPRegen  0.10/turn              (no ring)
MPRegen  0.10/turn              (no ring)

@: no status effects
A: spiny 1
a: no special abilities


You were on level 3 of the Dungeon.
You visited 1 branch of the dungeon, and saw 3 of its levels.

You collected 30 gold pieces.

Inventory:

Armour
 a - a +0 robe (worn)
Jewellery
 c - a +6 ring of strength
Scrolls
 b - a scroll of immolation
 e - a scroll of magic mapping {unknown}
Potions
 d - a potion of attraction {unknown}


   Skills:
 - Level 1.7 Dodging
 - Level 1.7 Stealth
 - Level 2.0 Spellcasting
 + Level 3.2 Conjurations
 + Level 4.0 Fire Magic


You had 6 spell levels left.
You knew the following spells:

 Your Spells              Type           Power      Damage    Failure   Level
a - Foxfire               Conj/Fire      60%        2x1d7     4%          1

Your spell library contained the following spells:

 Spells                   Type           Power      Damage    Failure   Level
 Conjure Flame            Conj/Fire      15%        6-21      12%         3
 Inner Flame              Hex/Fire       9%         N/A       24%         3
 Sticky Flame             Conj/Fire      15%        2d4       36%         4
 Fireball                 Conj/Fire      7%         3d5       73%         5


Dungeon Overview and Level Annotations

Branches:
Dungeon (2/15)

Altars:


Innate Abilities, Weirdness & Mutations

You are partially covered in sharp spines.


Message History

The orc wizard is moderately wounded.
The orc throws a boomerang.
The boomerang hits you.
You conjure some foxfire!
An orc comes into view. It is wielding a +0 flail.
You conjure some foxfire!
The foxfire hits the orc.
The orc is heavily wounded.
An orc priest comes into view. It is wielding a +3 hand axe.
The orc throws a boomerang.
The boomerang misses you.
You conjure some foxfire!
The orc priest shouts!
You hear a shout! x2
The foxfire hits the orc wizard.
The orc wizard is moderately wounded.
The orc wizard points at itself and mumbles some strange words.
The orc wizard flickers and vanishes!
Deactivating autopickup; reactivate with Ctrl-A.
The foxfire hits something.
You conjure some foxfire!
The foxfire hits the orc.
The orc is heavily wounded.
The foxfire hits the orc.
The orc is severely wounded.
You hear some strange, mumbled words.
Something tries to affect you, but you resist.
You conjure some foxfire!
You conjure some foxfire!
The foxfire hits the orc.
You kill the orc!
The foxfire hits something. x2
The foxfire hits something but does no damage.
The foxfire hits something.
Reactivating autopickup.
You feel a bit more experienced.
The orc priest mumbles some strange prayers to Beogh against you.
Pain shoots through your body!
The orc throws a boomerang.
The boomerang closely misses you.
Your Fire Magic skill increases to level 4!
The foxfire hits the orc but does no damage.
The orc is heavily wounded.
The orc priest invokes the aid of Beogh against you.
Beogh smites you!
You die...

███ █.. █..
█.♣ ██ █.♣
.o. █.♣█
v...
█@§♣♣♣....█
█§.§o.o...█
██§§█..█..
█.██ ██ █.$
█.██ █.█
█.█ █!█


You could see an orc priest and an orc.

Vanquished Creatures
  Natasha (twice) (D:1)
  An orc wizard (D:3)
  3 dart slugs (D:1)
  An orc (D:3)
  2 ball pythons (D:1)
  7 endoplasms
  5 giant cockroaches (D:1)
  A goblin (D:1)
  2 hobgoblins
  2 quokkas (D:1)
  A bat (D:1)
  3 frilled lizards (D:1)
  3 kobolds
  2 rats (D:1)
35 creatures vanquished.

Vanquished Creatures (others)
  103 foxfires
103 creatures vanquished.

Grand Total: 138 creatures vanquished

Notes
Turn   | Place    | Note
-------+----------+-------------------------------------------
     0 | D:1      | nht the Demonspawn Fire Elementalist began the quest for
                  | the Orb.
     0 | D:1      | Reached XP level 1. HP: 13/13 MP: 3/3
   127 | D:1      | Reached skill level 3 in Fire Magic
   156 | D:1      | Gained mutation: You are partially covered in sharp spines.
                  | [demonic ancestry]
   156 | D:1      | Reached XP level 2. HP: 9/19 MP: 1/5
   696 | D:1      | Found a faded altar of an unknown god.
   721 | D:1      | Reached XP level 3. HP: 24/24 MP: 3/6
   739 | D:2      | Noticed Natasha
   771 | D:1      | Killed Natasha
  1243 | D:1      | Noticed Natasha
  1251 | D:1      | Killed Natasha
  1252 | D:1      | Reached XP level 4. HP: 28/30 MP: 2/7
  1490 | D:2      | You fall into a shaft and drop 1 floor!
  1505 | D:3      | Reached skill level 4 in Fire Magic
  1505 | D:3      | Killed from afar by an orc priest

Illustrated notes

Levels and vault maps discovered:
D:1:      matt_arrival_refuge, layout_loops_ring,
          hellmonk_ecumenical_altar_crossroads, minmay_worlds_worst_comb
D:2:      layout_rooms, serial_glass, glass_columns_a, glass_columns_b,
          glass_columns_b, glass_columns_c, feat_on_display,
          hangedman_decor_diamond_cutter, roderic_lattice_a,
          minmay_misc_feat_more_columns, uniq_sigmund, uniq_natasha
D:3:      layout_loops_ring, overflow_temple_1_default, minmay_stone_trees_small

Skill      XL: |  1  2  3  4 |
---------------+-------------+-----
Fire Magic     | 3 4 |  4.0
Conjurations   | 2 3 |  3.2
Dodging        | |  1.7
Stealth        | |  1.7
Spellcasting   | |  2.0

Action                   |  1- 3 |  4- 6 || total
-------------------------+-------+-------++-------
 Cast: Foxfire           |    46 |    15 ||    61
  Use: Scroll            |     1 |       ||     1
Armor: Robe              |     3 |       ||     3
Dodge: Dodged            |    13 |     2 ||    15

Table legend: (Time is in decaauts)
 A = Elapsed time spent in this place.
 B = Non-inter-level travel time spent in this place.
 C = Inter-level travel time spent in this place.
 D = Time resting spent in this place.
 E = Time spent auto-exploring this place.
 F = Levels seen in this place.
 G = Mean time per level.
                   A        B        C        D        E       F      G
               +--------+--------+--------+--------+--------+-----+--------+
         Total |   1505 |   1459 |     46 |      0 |   1194 |   3 |  501.7 |
       Dungeon |   1505 |   1459 |     46 |      0 |   1194 |   3 |  501.7 |
               +--------+--------+--------+--------+--------+-----+--------+

Top non-repeatable levels by time:
     D:1: 1297 daAuts
     D:2: 193 daAuts
     D:3: 14 daAuts
